 Dungeon Crawl Stone Soup version 0.21.1-1-g345015fe64 (webtiles) character file.

236 GuyWithAPlan the Covered (level 6, -10/51 HPs)
             Began as a Hill Orc Monk on Feb 8, 2018.
             Mangled by a gnoll
             ... wielding a +2 halberd of freezing
              (12 damage)
             ... on level 3 of the Dungeon.
             The game lasted 00:04:31 (3520 turns).

GuyWithAPlan the Covered (Hill Orc Monk)            Turns: 3520, Time: 00:04:32

Health: -10/51     AC:  7    Str: 14    XL:     6   Next: 6%
Magic:  6/6        EV: 10    Int: 10    God:
Gold:   152        SH:  0    Dex: 15    Spells: 5/5 levels left

rFire    . . .     SeeInvis .   m - +2 quarterstaff (chaos)
rCold    . . .     Gourm    .   (shield currently unavailable)
rNeg     . . .     Faith    .   d - +0 scale mail
rPois    .         Spirit   .   (no helmet)
rElec    .         Reflect  .   (no cloak)
rCorr    .         Harm     .   (no gloves)
MR       .....                  (no boots)
Stlth    +.........             (no amulet)
HPRegen  0.17/turn              (no ring)
MPRegen  0.10/turn              (no ring)

@: no status effects
A: no striking features
a: no special abilities


You were on level 3 of the Dungeon.
You were not hungry.

You visited 1 branch of the dungeon, and saw 3 of its levels.

You collected 152 gold pieces.

Inventory:

Hand Weapons
 a - a +0 hand axe
 m - a +2 quarterstaff of chaos (weapon)
Armour
 b - a +0 robe
 d - a +0 scale mail (worn)
 f - a +0 leather armour
 l - a +0 cloak
Jewellery
 n - an uncursed ring of see invisible {unknown}
Scrolls
 e - 4 scrolls of remove curse
 g - 5 scrolls of identify {unknown}
 h - a scroll of teleportation {unknown}
 j - a scroll of enchant weapon {unknown}
Potions
 i - a potion of might {unknown}
 k - a potion of agility
Comestibles
 c - 5 rations


   Skills:
 - Level 3.6 Fighting
 + Level 4.5 Axes
 - Level 6.0 Armour
 - Level 2.4 Dodging
 - Level 1.5 Stealth


You had 5 spell levels left.
You didn't know any spells.

Dungeon Overview and Level Annotations

Branches:
Dungeon (3/15)

Altars:
Fedhas
Yredelemnul

Annotations:
D:3 flt's ghost, amateur DsMo


Message History

Unknown command.
You thump the gnoll!
The gnoll seems to speed up.
The gnoll is severely wounded.
The gnoll barely misses you.
Unknown command.
Your scale mail prevents you from hitting the gnoll.
The gnoll is severely wounded.
The gnoll hits you but does no damage. The gnoll barely misses you.
Unknown command.
You closely miss the gnoll.
The gnoll is severely wounded.
The gnoll hits you with a halberd of freezing!
* * * LOW HITPOINT WARNING * * *
The gnoll freezes you.
* * * LOW HITPOINT WARNING * * *
Unknown command.
You barely miss the gnoll.
The gnoll is severely wounded.
The gnoll hits you with a halberd of freezing!
You die...

# #.#..####.#
#.#.#...g.....#
#........######
########.# #)#
#######)##
#........#
####g#####..#
#....@####..######
#.....#..........#
#...........####.#
#.....###...##
#.<...##.....#
###.#####...## #.
##.## #. #.# . #.#
.


You could see a gnoll.

Vanquished Creatures
  Crazy Yiuf (D:2)
  Terence (D:2)
  Natasha (thrice) (D:2)
  3 adders
  2 gnolls (D:3)
  2 worms
  2 dart slugs (D:1)
  4 leopard geckos
  2 orcs (D:3)
  A giant cockroach (D:2)
  5 goblins
  7 hobgoblins
  6 kobolds
  6 bats
  A frilled lizard (D:2)
  9 rats
55 creatures vanquished.

Notes
Turn   | Place    | Note
-------+----------+-------------------------------------------
     0 | D:1      | GuyWithAPlan the Hill Orc Monk began the quest for the Orb.
     0 | D:1      | Reached XP level 1. HP: 19/19 MP: 1/1
    71 | D:1      | Reached skill level 1 in Armour
    94 | D:1      | Reached XP level 2. HP: 21/26 MP: 2/2
   102 | D:1      | Reached skill level 2 in Armour
   733 | D:1      | Reached XP level 3. HP: 29/31 MP: 3/3
   797 | D:1      | Reached skill level 3 in Armour
  1291 | D:2      | Noticed Natasha
  1300 | D:2      | Reached XP level 4. HP: 14/39 MP: 4/4
  1307 | D:2      | Killed Natasha
  1307 | D:2      | Reached skill level 4 in Armour
  1534 | D:2      | Noticed Natasha
  1543 | D:2      | Killed Natasha
  1751 | D:2      | Noticed Natasha
  1776 | D:2      | Killed Natasha
  1776 | D:2      | Reached skill level 5 in Armour
  1776 | D:2      | Reached XP level 5. HP: 22/45 MP: 5/5
  1955 | D:2      | Found a basalt altar of Yredelemnul.
  2027 | D:2      | Noticed Terence
  2063 | D:2      | Killed Terence
  2489 | D:2      | Found a runed door.
  2626 | D:2      | Noticed Crazy Yiuf
  2641 | D:2      | Killed Crazy Yiuf
  2976 | D:3      | Noticed flt's ghost (amateur DsMo)
  3297 | D:3      | Found a blossoming altar of Fedhas.
  3436 | D:3      | Reached skill level 6 in Armour
  3436 | D:3      | Reached XP level 6. HP: 51/51 MP: 6/6
  3519 | D:3      | HP: 2/51 [gnoll/halberd of freezing (3)]
  3520 | D:3      | Mangled by a gnoll

Skill      XL: |  1  2  3  4  5 |
---------------+----------------+-----
Armour         | 1 2 3 5 6 |  6.0
Fighting       | |  3.6
Axes           | |  4.5
Dodging        | |  2.4
Stealth        | |  1.5

Action                   |  1- 3 |  4- 6 || total
-------------------------+-------+-------++-------
Melee: Hand axe          |    93 |    67 ||   160
       Quarterstaff      |       |    43 ||    43
       Unarmed           |       |     2 ||     2
  Use: Potion            |       |     1 ||     1
       Scroll            |       |     1 ||     1
 Stab: Sleeping          |     3 |       ||     3
  Eat: Chunk             |     1 |     7 ||     8
Armor: Leather armour    |     9 |    17 ||    26
       Robe              |     2 |       ||     2
       Scale mail        |       |    20 ||    20
       Skin              |       |     3 ||     3
Dodge: Dodged            |    55 |    72 ||   127
